TOP OF THE 1ST |
Burlington Bees batting - Pitching for Cedar Rapids Kernels : LHP Bobby Shaw
|
Pitching: LHP Bobby Shaw
|
|
Batting: RHB Joe Hewitt
|
0-0: Called Strike 0-1: Ball 1-1: Ball 2-1: Ball 3-1: Foul Ball, location: 2F 3-2: Fly out, F7 (Flyball, 7S, EV 94.4 MPH)
|
Batting: LHB Dave Hicks
|
0-0: Ball 1-0: Called Strike 1-1: Called Strike 1-2: SINGLE (Line Drive, 8RS, EV 106.2 MPH)
|
Batting: RHB T.J. Gray
|
0-0: Ball Dave Hicks is caught stealing 2nd base 2-4 1-0: Called Strike 1-1: Ground out U3 (Groundball, 34, EV 109.4 MPH)
|
Top of the 1st over - 0 runs, 1 hit, 0 errors, 0 left on base; Burlington 0 - Cedar Rapids 0 |
BOTTOM OF THE 1ST |
Cedar Rapids Kernels batting - Pitching for Burlington Bees : RHP Kennie Williams
|
Pitching: RHP Kennie Williams
|
|
Batting: RHB David McDonald
|
0-0: Swinging Strike 0-1: Ball 1-1: Called Strike 1-2: Foul Ball, location: 2F 1-2: Ball 2-2: Fly out, F7 (Flyball, 7LSF, EV 87.5 MPH)
|
Batting: RHB Kevin Harris
|
0-0: Ball 1-0: Called Strike 1-1: Ball 2-1: Called Strike 2-2: Fly out, F2 (Popup, 23F, EV 84.4 MPH)
|
Batting: LHB Kuemon Shishido
|
0-0: Ball 1-0: Swinging Strike 1-1: Ball 2-1: Ball 3-1: Foul Ball, location: 2F 3-2: Foul Ball, location: 2F 3-2: Strikes out looking
|
Bottom of the 1st over - 0 runs, 0 hits, 0 errors, 0 left on base; Burlington 0 - Cedar Rapids 0 |
TOP OF THE 2ND |
Burlington Bees batting - Pitching for Cedar Rapids Kernels : LHP Bobby Shaw
|
Batting: SHB Danny Gelinas
|
0-0: Swinging Strike 0-1: Foul Ball, location: 2F 0-2: Ball 1-2: Ball 2-2: Ball 3-2: Strikes out swinging
|
Batting: RHB Peter Westover
|
0-0: Called Strike 0-1: Ball 1-1: SOLO HOME RUN (Flyball, 7D, EV 95.6 MPH), Distance : 363 ft
|
Batting: LHB Spencer Palmer
|
0-0: Called Strike 0-1: SINGLE (Line Drive, 78M, EV 106.9 MPH)
|
Batting: RHB Edward Hillock
|
0-0: Reached on error, E5 (Groundball, 56S, EV 75.0 MPH) Spencer Palmer to second
|
Batting: RHB Dan Burkhart
|
0-0: Called Strike 0-1: Swinging Strike 0-2: Fly out, F4 (Popup, 4S, EV 69.4 MPH)
|
Batting: RHB Rory Cobb
|
0-0: Ball 1-0: Ground out U3 (Groundball, 3S, EV 74.4 MPH)
|
Top of the 2nd over - 1 run, 2 hits, 1 error, 2 left on base; Burlington 1 - Cedar Rapids 0 |
BOTTOM OF THE 2ND |
Cedar Rapids Kernels batting - Pitching for Burlington Bees : RHP Kennie Williams
|
Batting: LHB Shaun Price
|
0-0: Ground out U3 (Groundball, 3, EV 108.1 MPH)
|
Batting: LHB Brian Wagner
|
0-0: Ball 1-0: Ball 2-0: Ball 3-0: Called Strike 3-1: Base on Balls
|
Batting: LHB Marvin Shepherd
|
0-0: Ball 1-0: Foul Ball, location: 2F 1-1: Foul Ball, location: 2F 1-2: Ball 2-2: Ball 3-2: Base on Balls Brian Wagner to second
|
Batting: RHB Nate Matson
|
0-0: Swinging Strike 0-1: Swinging Strike 0-2: 3-RUN HOME RUN (Flyball, 78XD, EV 101.2 MPH), Distance : 405 ft
|
Batting: LHB Hector Olvera
|
0-0: Ball 1-0: Ball 2-0: Ball 3-0: Foul Ball, location: 2F 3-1: Foul Ball, location: 2F 3-2: Base on Balls
|
Batting: RHB Antonio Santos
|
0-0: Ball 1-0: Called Strike 1-1: Called Strike 1-2: Grounds into double play, 1-6-3 (Groundball, 34S, EV 70.0 MPH)
|
Bottom of the 2nd over - 3 runs, 1 hit, 0 errors, 0 left on base; Burlington 1 - Cedar Rapids 3 |
TOP OF THE 3RD |
Burlington Bees batting - Pitching for Cedar Rapids Kernels : LHP Bobby Shaw
|
Batting: RHB Joe Hewitt
|
0-0: Ball 1-0: Swinging Strike 1-1: Ball 2-1: Swinging Strike 2-2: Ball 3-2: Strikes out swinging
|
Batting: LHB Dave Hicks
|
0-0: Ball 1-0: Called Strike 1-1: Ball 2-1: Ground out 5-3 (Groundball, 56, EV 89.4 MPH)
|
Batting: RHB T.J. Gray
|
0-0: Ball 1-0: Single, Error in OF, E8, batter to second base (Groundball, 6D, EV 108.1 MPH)
|
Batting: SHB Danny Gelinas
|
0-0: Ball 1-0: Ball 2-0: Ball 3-0: Foul Ball, location: 2F 3-1: Swinging Strike 3-2: Strikes out swinging
|
Top of the 3rd over - 0 runs, 1 hit, 1 error, 1 left on base; Burlington 1 - Cedar Rapids 3 |
BOTTOM OF THE 3RD |
Cedar Rapids Kernels batting - Pitching for Burlington Bees : RHP Kennie Williams
|
Batting: RHB David McDonald
|
0-0: Called Strike 0-1: TRIPLE (Flyball, 9LD, EV 104.4 MPH)
|
Batting: RHB Kevin Harris
|
0-0: Ground out 3-1 (Groundball, 13, EV 88.8 MPH) David McDonald scores
|
Batting: LHB Kuemon Shishido
|
0-0: Ball 1-0: Called Strike 1-1: Foul Ball, location: 2F 1-2: Ground out 4-3 (Groundball, 4, EV 83.1 MPH)
|
Batting: LHB Shaun Price
|
0-0: Foul Ball, location: 2F 0-1: Fly out, F7 (Flyball, 7S, EV 90.6 MPH)
|
Bottom of the 3rd over - 1 run, 1 hit, 0 errors, 0 left on base; Burlington 1 - Cedar Rapids 4 |
TOP OF THE 4TH |
Burlington Bees batting - Pitching for Cedar Rapids Kernels : LHP Bobby Shaw
|
Batting: RHB Peter Westover
|
0-0: Called Strike 0-1: Foul Ball, location: 2F 0-2: Foul Ball, location: 2F 0-2: Foul Ball, location: 2F 0-2: Fly out, F8 (Flyball, 8LXD, EV 99.4 MPH)
|
Batting: LHB Spencer Palmer
|
0-0: Ball 1-0: Ball 2-0: Ball 3-0: Base on Balls
|
Batting: RHB Edward Hillock
|
0-0: Ball 1-0: Fly out, F8 (Flyball, 8LS, EV 79.4 MPH)
|
Batting: RHB Dan Burkhart
|
0-0: Foul Ball, location: 2F 0-1: Ball 1-1: Swinging Strike 1-2: Strikes out looking
|
Top of the 4th over - 0 runs, 0 hits, 0 errors, 1 left on base; Burlington 1 - Cedar Rapids 4 |
BOTTOM OF THE 4TH |
Cedar Rapids Kernels batting - Pitching for Burlington Bees : RHP Kennie Williams
|
Batting: LHB Brian Wagner
|
0-0: Ball 1-0: Ball 2-0: Foul Ball, location: 2F 2-1: Ball 3-1: Base on Balls
|
Batting: LHB Marvin Shepherd
|
0-0: Called Strike 0-1: Ball 1-1: Swinging Strike 1-2: Ball 2-2: Foul Ball, location: 2F 2-2: Strikes out swinging
|
Batting: RHB Nate Matson
|
0-0: Called Strike 0-1: Called Strike Brian Wagner steals 2nd base (no throw) 0-2: Strikes out swinging
|
Batting: LHB Hector Olvera
|
0-0: Ground out U3 (Groundball, 3S, EV 80.6 MPH)
|
Bottom of the 4th over - 0 runs, 0 hits, 0 errors, 1 left on base; Burlington 1 - Cedar Rapids 4 |
TOP OF THE 5TH |
Burlington Bees batting - Pitching for Cedar Rapids Kernels : LHP Bobby Shaw
|
Batting: RHB Rory Cobb
|
0-0: Called Strike 0-1: Ground out 5-3 (Groundball, 56, EV 86.2 MPH)
|
Batting: RHB Joe Hewitt
|
0-0: Ball 1-0: Hit by Pitch
|
Batting: LHB Dave Hicks
|
0-0: Ball 1-0: Ball 2-0: Foul Ball, location: 2F 2-1: Foul Ball, location: 2F 2-2: Fly out, F8 (Flyball, 8RS, EV 94.4 MPH)
|
Batting: RHB T.J. Gray
|
0-0: Ball 1-0: Ball 2-0: Fly out, F9 (Flyball, 89D, EV 96.9 MPH)
|
Top of the 5th over - 0 runs, 0 hits, 0 errors, 1 left on base; Burlington 1 - Cedar Rapids 4 |
BOTTOM OF THE 5TH |
Cedar Rapids Kernels batting - Pitching for Burlington Bees : RHP Kennie Williams
|
Batting: RHB Antonio Santos
|
0-0: Ball 1-0: Ball 2-0: Called Strike 2-1: Ground out U3 (Groundball, 3, EV 81.2 MPH)
|
Batting: RHB David McDonald
|
0-0: Foul Ball, location: 2F 0-1: Ball 1-1: Foul Ball, location: 2F 1-2: Foul Ball, location: 2F 1-2: Foul Ball, location: 2F 1-2: Strikes out swinging
|
Batting: RHB Kevin Harris
|
0-0: Ball 1-0: Called Strike 1-1: Swinging Strike 1-2: Fly out, F2 (Popup, 2LF, EV 89.4 MPH)
|
Bottom of the 5th over - 0 runs, 0 hits, 0 errors, 0 left on base; Burlington 1 - Cedar Rapids 4 |
TOP OF THE 6TH |
Burlington Bees batting - Pitching for Cedar Rapids Kernels : LHP Bobby Shaw
|
Batting: SHB Danny Gelinas
|
0-0: Called Strike 0-1: Ball 1-1: Foul Ball, location: 2F 1-2: Strikes out swinging
|
Batting: RHB Peter Westover
|
0-0: Foul Ball, location: 2F 0-1: Ball 1-1: Ball 2-1: Fly out, F9 (Flyball, 89M, EV 77.5 MPH)
|
Batting: LHB Spencer Palmer
|
0-0: Ball 1-0: Called Strike 1-1: Ball 2-1: Foul Ball, location: 2F 2-2: Strikes out swinging
|
Top of the 6th over - 0 runs, 0 hits, 0 errors, 0 left on base; Burlington 1 - Cedar Rapids 4 |
BOTTOM OF THE 6TH |
Cedar Rapids Kernels batting - Pitching for Burlington Bees : RHP Kennie Williams
|
Batting: LHB Kuemon Shishido
|
0-0: Called Strike 0-1: Swinging Strike 0-2: Ball 1-2: Ball 2-2: Ball 3-2: Strikes out looking
|
Pitching: RHP Jose Alvarado
|
|
Batting: LHB Shaun Price
|
0-0: Ball 1-0: Called Strike 1-1: Ball 2-1: Fly out, F8 (Flyball, 8LXD, EV 89.4 MPH)
|
Batting: LHB Brian Wagner
|
0-0: Called Strike 0-1: Ball 1-1: Foul Ball, location: 2F 1-2: Foul Ball, location: 2F 1-2: Foul Ball, location: 2F 1-2: Fly out, F9 (Flyball, BS8, EV 88.8 MPH)
|
Bottom of the 6th over - 0 runs, 0 hits, 0 errors, 0 left on base; Burlington 1 - Cedar Rapids 4 |
TOP OF THE 7TH |
Burlington Bees batting - Pitching for Cedar Rapids Kernels : LHP Bobby Shaw
|
Pitching: RHP Bruce Wight
|
|
Batting: RHB Edward Hillock
|
0-0: Swinging Strike 0-1: Ball 1-1: Foul Ball, location: 2F 1-2: Strikes out swinging
|
Batting: RHB Dan Burkhart
|
0-0: Ball 1-0: Fly out, F7 (Line Drive, 7, EV 101.2 MPH)
|
Batting: RHB Rory Cobb
|
0-0: Ball 1-0: Called Strike 1-1: Ball 2-1: Ball 3-1: SINGLE (Groundball, 4MD, EV 94.4 MPH)
|
Batting: RHB Joe Hewitt
|
0-0: Called Strike Rory Cobb is caught stealing 2nd base 2-4
|
Top of the 7th over - 0 runs, 1 hit, 0 errors, 0 left on base; Burlington 1 - Cedar Rapids 4 |
BOTTOM OF THE 7TH |
Cedar Rapids Kernels batting - Pitching for Burlington Bees : RHP Jose Alvarado
|
Batting: LHB Marvin Shepherd
|
0-0: Called Strike 0-1: Ball 1-1: Ball 2-1: Ball 3-1: Foul Ball, location: 2F 3-2: Reached via error on a dropped throw from P, E3 (Groundball, 15S, EV 71.9 MPH)
|
Batting: RHB Nate Matson
|
0-0: Ball 1-0: Called Strike Marvin Shepherd steals 2nd, throwing error, E2 Marvin Shepherd to third 1-1: 2-RUN HOME RUN (Flyball, 9D, EV 99.4 MPH), Distance : 378 ft
|
Batting: LHB Hector Olvera
|
0-0: Ground out 4-3 (Groundball, 4S, EV 85.6 MPH)
|
Batting: RHB Antonio Santos
|
0-0: Ball 1-0: Foul Ball, location: 2F 1-1: Foul Ball, location: 2F 1-2: Ball 2-2: Strikes out looking
|
Batting: RHB David McDonald
|
0-0: Ball 1-0: Called Strike 1-1: SINGLE (Line Drive, 9S, EV 93.8 MPH)
|
Batting: RHB Kevin Harris
|
0-0: Called Strike 0-1: Ball 1-1: Ball 2-1: Swinging Strike 2-2: Strikes out swinging
|
Bottom of the 7th over - 2 runs, 2 hits, 2 errors, 1 left on base; Burlington 1 - Cedar Rapids 6 |
TOP OF THE 8TH |
Burlington Bees batting - Pitching for Cedar Rapids Kernels : RHP Bruce Wight
|
Batting: RHB Joe Hewitt
|
0-0: Called Strike 0-1: SINGLE (Groundball, 5D, EV 101.9 MPH)
|
Batting: LHB Dave Hicks
|
0-0: Ball 1-0: Swinging Strike 1-1: Reached on error, E3 (Groundball, 3S, EV 88.1 MPH) Joe Hewitt to second
|
Batting: RHB T.J. Gray
|
0-0: Called Strike 0-1: Ball 1-1: SINGLE (Groundball, 56, EV 105.6 MPH) (infield hit) Joe Hewitt to third Dave Hicks to second
|
Batting: SHB Danny Gelinas
|
0-0: Foul Ball, location: 2F 0-1: Grounds into double play, 4-6-3 (Groundball, 4, EV 104.4 MPH) Joe Hewitt scores Dave Hicks to third
|
Batting: RHB Peter Westover
|
0-0: Swinging Strike 0-1: Called Strike 0-2: Ball 1-2: Ball 2-2: Strikes out looking
|
Top of the 8th over - 1 run, 2 hits, 1 error, 1 left on base; Burlington 2 - Cedar Rapids 6 |
BOTTOM OF THE 8TH |
Cedar Rapids Kernels batting - Pitching for Burlington Bees : RHP Jose Alvarado
|
Batting: LHB Kuemon Shishido
|
0-0: Called Strike 0-1: Ball 1-1: Ball 2-1: Ground out 4-3 (Groundball, 4M, EV 101.2 MPH)
|
Batting: LHB Shaun Price
|
0-0: Ball 1-0: Ball 2-0: Ball 3-0: Base on Balls
|
Batting: LHB Brian Wagner
|
0-0: Ball 1-0: Foul Ball, location: 2F 1-1: Swinging Strike 1-2: Strikes out looking
|
Batting: LHB Marvin Shepherd
|
0-0: Ball 1-0: Swinging Strike 1-1: Called Strike 1-2: Ball 2-2: Ball 3-2: Strikes out swinging
|
Bottom of the 8th over - 0 runs, 0 hits, 0 errors, 1 left on base; Burlington 2 - Cedar Rapids 6 |
TOP OF THE 9TH |
Burlington Bees batting - Pitching for Cedar Rapids Kernels : RHP Bruce Wight
|
Pitching: LHP Josh Armstrong
|
|
Batting: LHB Spencer Palmer
|
0-0: Ball 1-0: Ball 2-0: Foul Ball, location: 2F 2-1: Called Strike 2-2: Ball 3-2: Base on Balls
|
Batting: RHB Edward Hillock
|
0-0: Called Strike 0-1: SINGLE (Groundball, 56D, EV 98.1 MPH) Spencer Palmer to second
|
Pitching: RHP Steven Legge
|
|
Batting: RHB Dan Burkhart
|
0-0: Called Strike 0-1: Swinging Strike 0-2: Ball 1-2: Foul Ball, location: 2F 1-2: Foul Ball, location: 2F 1-2: Foul Ball, location: 2F 1-2: Strikes out swinging
|
Pinch Hitting: LHB Alberto Carrillo
|
0-0: Called Strike 0-1: Called Strike 0-2: Foul Ball, location: 2F 0-2: Foul Ball, location: 2F 0-2: Ball 1-2: DOUBLE (Line Drive, 78M, EV 106.9 MPH) Spencer Palmer scores Edward Hillock to third
|
Batting: RHB Joe Hewitt
|
0-0: Called Strike 0-1: Foul Ball, location: 2F 0-2: Ball 1-2: Ball 2-2: DOUBLE (Groundball, 5L, EV 95.0 MPH) Edward Hillock scores Alberto Carrillo scores
|
Batting: LHB Dave Hicks
|
0-0: Called Strike 0-1: Ground out 4-3 (Groundball, 4, EV 96.9 MPH) Joe Hewitt to third
|
Batting: RHB T.J. Gray
|
0-0: Ball 1-0: Fly out, F9 (Flyball, 9D, EV 75.0 MPH)
|
Top of the 9th over - 3 runs, 3 hits, 0 errors, 1 left on base; Burlington 5 - Cedar Rapids 6 |
|